 Dungeon Crawl Stone Soup version 0.20.0-14-g326068f (webtiles) character file.

347 McKennaii the Shield-Bearer (level 6, -6/55 HPs)
             Began as a Minotaur Fighter on June 9, 2017.
             Mangled by a wyvern (9 damage)
             ... on level 4 of the Dungeon.
             The game lasted 00:04:18 (2897 turns).

McKennaii the Shield-Bearer (Minotaur Fighter)      Turns: 2897, Time: 00:04:20

Health: -6/55      AC:  8    Str: 21    XL:     6   Next: 32%
Magic:  5/5        EV:  9    Int:  8    God:
Gold:   112        SH: 10    Dex: 11    Spells: 5/5 levels left

rFire    . . .     SeeInvis .   a - +0 long sword
rCold    . . .     Gourm    .   c - +0 shield
rNeg     . . .     Faith    .   b - +0 scale mail
rPois    .         Spirit   .   (helmet restricted)
rElec    .         Reflect  .   (no cloak)
rCorr    .         Harm     .   h - +0 pair of gloves (curse)
MR       .....                  (no boots)
Stlth    ..........             (no amulet)
Regen    0.2/turn               e - +3 ring of intelligence
MPRegen  0.1/turn               (no ring)

@: no status effects
A: retaliatory headbutt, horns 2
a: no special abilities


You were on level 4 of the Dungeon.
You were not hungry.

You visited 1 branch of the dungeon, and saw 4 of its levels.

You collected 112 gold pieces.

Inventory:

Hand Weapons
 a - a +0 long sword (weapon)
Armour
 b - a +0 scale mail (worn)
 c - a +0 shield (worn)
 h - a cursed +0 pair of gloves (worn)
Jewellery
 e - a +3 ring of intelligence (left hand)
Scrolls
 k - 5 scrolls of identify {unknown}
 l - a scroll of immolation {unknown}
 p - 2 scrolls of enchant armour {unknown}
 q - a scroll of remove curse {unknown}
 r - a scroll of random uselessness {unknown}
Potions
 d - a potion of might
 m - a potion of brilliance
 n - a potion of agility {unknown}
 s - a potion of degeneration {unknown}
 t - a potion of curing {unknown}
Comestibles
 f - a bread ration
 g - a meat ration
 i - 2 chunks of flesh
 j - 2 royal jellies
 o - 4 fruits


   Skills:
 + Level 4.8 Fighting
 + Level 4.6 Long Blades
 + Level 4.6 Armour
 + Level 2.4 Dodging
 + Level 5.4 Shields


You had 5 spell levels left.
You didn't know any spells.

Dungeon Overview and Level Annotations

Branches:
Dungeon (4/15)
 Temple: D:4-7

Altars:


Innate Abilities, Weirdness & Mutations

You reflexively headbutt those who attack you in melee.
You have a pair of horns on your head.


Message History

The wyvern is severely wounded.
You hit the wyvern but do no damage. Your headbutt misses the wyvern.
The wyvern is severely wounded.
You block the bat's attack. The wyvern bites you!
You hit the wyvern.
The wyvern is almost dead.
The wyvern bites you!
* * * LOW HITPOINT WARNING * * *
You block the wyvern's attack.
You closely miss the wyvern.
The wyvern is almost dead.
The bat misses you.
You riposte.
You closely miss the bat. The wyvern bites you.
* * * LOW HITPOINT WARNING * * *
You block the bat's attack.
The wyvern bites you but does no damage.
You closely miss the wyvern.
The wyvern is almost dead.
The bat closely misses you. The wyvern bites you!
You die...

#....).......#
#............#
.............#.
...............
.>...........
#..........# .
##....#.......l..#.#.
#...... ##@b......
#...... ###.........
#...... #.........##
#?..... #........>#
#......###...........
#...........$...#####
.>....)<†.......#
#####.)##.......#
....##.....##....


You could see a wyvern and a bat.

Vanquished Creatures
  Purgy (D:3)
  An orc wizard (D:3)
  A gnoll shaman (D:3)
  A worker ant (D:3)
  Robin (D:2)
  4 gnolls
  An adder (D:2)
  3 oozes (D:2)
  An adder skeleton (D:4)
  5 worms
  4 dart slugs
  A leopard gecko (D:3)
  4 orcs (D:3)
  A ball python (D:3)
  5 giant cockroaches
  11 goblins
  7 hobgoblins
  2 jackals (D:3)
  9 kobolds
  2 quokkas
  6 bats
  6 frilled lizards
  8 rats
85 creatures vanquished.

Notes
Turn   | Place    | Note
-------+----------+-------------------------------------------
     0 | D:1      | McKennaii the Minotaur Fighter began the quest for the Orb.
     0 | D:1      | Reached XP level 1. HP: 19/19 MP: 0/0
    76 | D:1      | Reached XP level 2. HP: 26/27 MP: 1/1
   154 | D:1      | You fall through a shaft!
   165 | D:2      | Reached skill level 4 in Shields
   436 | D:1      | Reached XP level 3. HP: 33/33 MP: 2/2
   958 | D:2      | Noticed Robin
   972 | D:2      | Killed Robin
  1015 | D:2      | Found a faded altar of an unknown god.
  1178 | D:2      | Reached XP level 4. HP: 41/41 MP: 3/3
  1547 | D:3      | Reached skill level 1 in Dodging
  1656 | D:3      | Reached XP level 5. HP: 23/47 MP: 4/4
  1837 | D:3      | Noticed Purgy
  2032 | D:3      | Killed Purgy
  2032 | D:3      | Reached skill level 5 in Shields
  2574 | D:3      | Reached XP level 6. HP: 26/53 MP: 5/5
  2887 | D:4      | Noticed a wyvern
  2897 | D:4      | Mangled by a wyvern

Skill      XL: |  1  2  3  4  5 |
---------------+----------------+-----
Fighting       | 4 |  4.8
Shields        | 4 5 |  5.4
Armour         | 4 |  4.6
Long Blades    | 3 4 |  4.6
Dodging        | 1 2 |  2.4

Action                   |  1- 3 |  4- 6 || total
-------------------------+-------+-------++-------
Melee: Long sword        |   105 |   151 ||   256
       Headbutt          |    19 |    26 ||    45
  Use: Potion            |       |     2 ||     2
  Eat: Chunk             |     1 |     6 ||     7
Armor: Scale mail        |    59 |   108 ||   167
Dodge: Dodged            |    24 |    61 ||    85
Block: Shield            |    62 |   129 ||   191
       Rpst.: Long sword |     5 |    13 ||    18
